 Dungeon Crawl Stone Soup version 0.28-a0-1506-g3893175d92 (webtiles) character file.

Game seed: 17597502939267027917

35 a3don the Chopper (level 3, -2/49 HPs)
             Began as a Minotaur Berserker on Jan 13, 2022.
             Was a Follower of Trog.
             Slain by a gnoll (7 damage)
             ... on level 2 of the Dungeon.
             The game lasted 00:01:08 (1511 turns).

a3don the Chopper (Minotaur Berserker)              Turns: 1511, Time: 00:01:09

Health: -2/49      AC:  2    Str: 23    XL:     3   Next: 16%
Magic:  2/2        EV: 12    Int:  4    God:    Trog [*.....]
Gold:   55         SH:  0    Dex:  9    Spells: 2/2 levels left

rFire   . . .      SeeInvis .   a - +0 hand axe
rCold   . . .      Faith    .   (no shield)
rNeg    . . .      Spirit   .   b - +0 animal skin
rPois   .          Reflect  .   (helmet restricted)
rElec   .          Harm     .   (no cloak)
rCorr   .          Rampage  .   (no gloves)
Will    .....                   (no boots)
Stlth   ..........              (no amulet)
HPRegen 0.16/turn               (no ring)
MPRegen 0.08/turn               (no ring)

@: berserking, very quick
A: horns 2, retaliatory headbutt
a: Renounce Religion, Berserk


You were on level 2 of the Dungeon.
You worshipped Trog.
Trog was aware of your devotion.
You visited 1 branch of the dungeon, and saw 2 of its levels.

You collected 55 gold pieces.

Inventory:

Hand Weapons
 a - a +0 hand axe (weapon)
 i - a +1 dagger of electrocution
Armour
 b - a +0 animal skin (worn)
Jewellery
 m - a ring of poison resistance
Scrolls
 h - a scroll of torment {unknown}
 j - a scroll of identify {unknown}
 l - a scroll of fear {unknown}
Potions
 c - a potion of heal wounds {unknown}
 d - a potion of might {unknown}
 e - a potion of curing {unknown}
 f - a potion of mutation {unknown}
 g - a potion of invisibility {unknown}
 k - a potion of ambrosia {unknown}


   Skills:
 + Level 4.0 Fighting
 + Level 4.1 Axes
 + Level 3.1 Armour
 + Level 2.7 Dodging


You had 2 spell levels left.
You didn't know any spells.
Your spell library was empty.

Dungeon Overview and Level Annotations

Branches:
Dungeon (2/15)

Altars:


Innate Abilities, Weirdness & Mutations

You have a pair of horns on your head.
You reflexively headbutt those who attack you in melee.


Message History

There are monsters nearby!
The gnoll shouts!
A gnoll comes into view. It is wielding a +0 flail.
A gnoll comes into view. It is wielding a +0 club.
The goblin unwields a +0 hunting sling.
The goblin wields a +0 club.
The goblin hits you but does no damage.
There are monsters nearby!
There are monsters nearby!
The gnoll shouts!
You hit the goblin. You headbutt the goblin.
The goblin is severely wounded.
The goblin barely misses you. You furiously retaliate!
You headbutt the goblin!
You kill the goblin!
Trog accepts your kill.
There are monsters nearby!
Things that are here:
a +0 club; a +0 hunting sling; 10 sling bullets
There are monsters nearby!
The gnoll closely misses you. The gnoll hits you with a +0 spear.
You closely miss the gnoll. Your headbutt misses the gnoll.
You closely miss the gnoll. The gnoll hits you with a +0 flail!
The gnoll barely misses you.
You hit the gnoll.
The gnoll is heavily wounded.
You hit the gnoll but do no damage. The gnoll misses you.
You barely miss the gnoll.
The gnoll is heavily wounded.
You hit the gnoll. The gnoll hits you with a +0 flail!
The gnoll hits you with a +0 spear.
You are too injured to fight recklessly!
You are too injured to fight recklessly!
You are too injured to fight recklessly!
The gnoll hits you with a +0 club.
* * * LOW HITPOINT WARNING * * *
The gnoll hits you from afar with a +0 spear.
* * * LOW HITPOINT WARNING * * *
A red film seems to cover your vision as you go berserk!
You feel yourself moving faster!
You feel mighty! The gnoll hits you with a +0 club!
You die...

.# #....# .#
#....# .#
#..#.# .###
#..#.########
...#
#..#>.......#
...#
#..##########
...# ###..#
...#
#...g#########
...#
#...ggg@.....#
...#
#....####.##.#
...# #...?# #
...# #....#
#### #....#
#....# #....#
#....#


You could see 4 gnolls.

Vanquished Creatures
  A dart slug (D:1)
  4 endoplasms
  2 giant cockroaches (D:1)
  5 goblins
  5 hobgoblins
  A quokka (D:1)
  A ball python (D:1)
  A bat (D:1)
  2 frilled lizards
  4 kobolds
  2 rats (D:1)
28 creatures vanquished.

Vanquished Creatures (others)
  3 plants (D:1)
3 creatures vanquished.

Grand Total: 31 creatures vanquished

Notes
Turn   | Place    | Note
-------+----------+-------------------------------------------
     0 | D:1      | a3don the Minotaur Berserker began the quest for the Orb.
     0 | D:1      | Reached XP level 1. HP: 19/19 MP: 0/0
    83 | D:1      | Reached XP level 2. HP: 26/27 MP: 1/1
   680 | D:1      | Found a faded altar of an unknown god.
   795 | D:2      | Reached XP level 3. HP: 29/33 MP: 2/2
  1511 | D:2      | Slain by a gnoll

Illustrated notes

Levels and vault maps discovered:
D:1:      nicolae_arrival_somewhat_less_tricky_arrival, layout_rooms,
          dilly_ecumenical_altar_fadedgnrine, minmay_misc_feat_plants
D:2:      layout_basic

Skill      XL: |  1  2 |
---------------+-------+-----
Axes           | 4 |  4.1
Fighting       | 4 |  4.0
Armour         | 3 |  3.1
Dodging        | |  2.7

Action                   || total
-------------------------++-------
Melee: Hand axe          ||    62
       Headbutt          ||     9
Invok: Berserk           ||     1
Armor: Animal skin       ||     9
Dodge: Dodged            ||    34

Table legend: (Time is in decaauts)
 A = Elapsed time spent in this place.
 B = Non-inter-level travel time spent in this place.
 C = Inter-level travel time spent in this place.
 D = Time resting spent in this place.
 E = Time spent auto-exploring this place.
 F = Levels seen in this place.
 G = Mean time per level.
                   A        B        C        D        E       F      G
               +--------+--------+--------+--------+--------+-----+--------+
         Total |   1517 |   1476 |     41 |      0 |   1299 |   2 |  758.5 |
       Dungeon |   1517 |   1476 |     41 |      0 |   1299 |   2 |  758.5 |
               +--------+--------+--------+--------+--------+-----+--------+

Top non-repeatable levels by time:
     D:1: 779 daAuts
     D:2: 737 daAuts
